[Event "*** SCC Grand Prix: Titled Tuesday Blitz"]
[Site "Chess.com"]
[Date "2020.10.06"]
[Round "9"]
[White "DenLaz"]
[Black "vovachesss"]
[Result "1-0"]
[WhiteElo "2818"]
[BlackElo "2685"]
[TimeControl "180+1"]
[EndTime "11:47:46 PDT"]
[Termination "DenLaz won by resignation"]

1. d4 Nf6 2. c4 c6 3. Nf3 d5 4. Qc2 dxc4 5. Qxc4 Bf5 6. g3 e6 7. Bg2 Nbd7 8. O-O Be7 9. Qb3 Qb6 10. Nbd2 O-O 11.
Nc4 Qa6 12. Bf4 Nd5 13. Bd6 Be4 14. Rfc1 N7b6 15. Bxe7 Nxe7 16. Ncd2 Bg6 17. e3 Rfd8 18. Bf1 Qa5 19. Rc5 Qa4 20. Ne5 Qxb3 21. Nxb3 Nd7 22. Nxg6 hxg6 23. Rc2 Nf5 24. Rd1 Nd6 25. f4 Kf8 26. Kf2 Ke7 27. Kf3 f5 28. Na5 Nf6 29. b4 Nfe4 30. a4 g5 31. Nb3 g4+ 32. Kg2 Rh8 33.
Nc5 Rh6 34. Bd3 Rah8 35. Rh1 Nf6 36. b5 Nd5 37. Re2 b6 38. Na6 cxb5 39. axb5 Rh3 40. Ree1 Nc3 41. Nb4 Nce4 42. Nc6+ Kf6 43. Ne5 Nd2 44.
Re2 N2e4 45. Ree1 Nc3 46. Rc1 Nd5 47. Rce1 Rc8 48. Nc6 a6 49. e4 fxe4 50. Be2 axb5 51. Bxg4 Rh6 52. Ne5 Rc2+ 53. Re2 Rxe2+ 54. Bxe2 b4 55. Ng4+ Kf5 56. Nxh6+ gxh6 57. Kf2 e3+ 58. Kf3 Kf6 59. Rc1 Nf5 60. Bd3 Nxd4+ 61. Ke4 b3 62. Kxd4 b2 63. Rb1 e2 64. Bxe2 1-0

[Event "*** SCC Grand Prix: Titled Tuesday Blitz"]
[Site "Chess.com"]
[Date "2020.10.06"]
[Round "9"]
[White "StellarChessPro"]
[Black "Kavyev_Ruslan"]
[Result "1/2-1/2"]
[WhiteElo "2470"]
[BlackElo "2579"]
[TimeControl "180+1"]
[EndTime "11:47:46 PDT"]
[Termination "Game drawn - insufficient material"]

1. b3 Nf6 2. Bb2 g6 3. Nf3 Bg7 4. e3 O-O 5. Be2 d5 6. O-O c5 7. h3 Nc6 8. d3 d4 9. exd4 Nh5 10. Re1 cxd4 11. Bf1 e5 12. Nbd2 Nf4 13. Kh2 Nd5 14.
a3 Be6 15. Kh1 Rc8 16. Nc4 Qc7 17. Ng5 Bd7 18. Qf3 Nc3 19. Ne4 b5 20. Ncd6 Rb8 21.
Nf6+ Kh8 22. Nxd7 Qxd7 23. Ne4 Nd5 24. g3 f5 25. Nc5 Qd6 26. Bg2 Nce7 27. b4 a5 28. h4 axb4 29. axb4 Nxb4 30. Nb7 Qb6 31. Ba3 Nxc2 32. Bxe7 Nxe1 33. Rxe1 e4 34. dxe4 Qxb7 35. Bxf8 Rxf8 36. exf5 Qxf3 37. Bxf3 gxf5 38. Rb1 Rb8 39. Bd5 b4 40. Kg2 d3 41. Kf3 d2 42. Ke2 Re8+ 43.
Kxd2 Rd8 44. Rxb4 Rxd5+ 45. Ke3 h6 46. Kf4 Kh7 47. f3 Kg6 48. Rb6+ Bf6 49. g4 Rd4+ 50.
Kg3 f4+ 51. Kh3 Rd3 52. h5+ Kf7 53. Kg2 Bg5 54. Rb7+ Ke6 55. Rb6+ Kd5 56. Rb5+ Kd4 57. Rb8 Ke3 58. Re8+ Kd2 59. Kf2 Kd1 60. Re1+ Kc2 61. Re8 Rd2+ 62. Kf1 Kd3 63. Re6 Rc2 64. Re8 Bh4 65.
Re6 Rf2+ 66. Kg1 Rxf3 67. Rxh6 Rg3+ 68. Kh2 Rxg4 69. Kh3 Rg1 70. Kxh4 f3 71. Rf6 Ke2 72. h6 f2 73. Kh5 f1=Q 74. Rxf1 Kxf1 75. h7 Kf2 76.
Kh6 Kf3 77. h8=Q Rh1+ 78. Kg7 Rxh8 79. Kxh8 1/2-1/2

[Event "*** SCC Grand Prix: Titled Tuesday Blitz"]
[Site "Chess.com"]
[Date "2020.10.06"]
[Round "9"]
[White "SergeyKarjakin"]
[Black "Jumbo"]
[Result "0-1"]
[WhiteElo "2913"]
[BlackElo "2740"]
[TimeControl "180+1"]
[EndTime "11:47:51 PDT"]
[Termination "Jumbo won by resignation"]

1. f4 d6 2. Nf3 Nf6 3. g3 g6 4.
Bg2 Bg7 5. O-O O-O 6. d3 c5 7. e4 Nc6 8. Nc3 Rb8 9. h3 b5 10. a3 a5 11. g4 b4 12. axb4 cxb4 13. Na4 Ba6 14. Qe1 Rc8 15. Qh4 Nd7 16. f5 Nd4 17. Bg5 Nxf3+ 18. Bxf3 Bf6 19. Bd1 Bb5 20. Bxf6 exf6 21.
Qf2 Kg7 22. Qd4 Qc7 23. g5 Bxa4 24. Rxa4 Qc5 25. gxf6+ Nxf6 26. Qxc5 Rxc5 27. Rf2 Re8 28. Kg2 gxf5 29. exf5 Rec8 30. Kf1 R8c7 31. Ke1 Re5+ 32. Kd2 Nd7 33. d4 Rd5 34. c3 Nb6 35. Bb3 Nxa4 36.
Bxd5 bxc3+ 37. bxc3 Nxc3 38. f6+ Kf8 39. Bf3 d5 40.
Rg2 Rc6 41. Bh5 Ne4+ 42. Ke3 Rc3+ 43. Kf4 Nxf6 44. Bf3 Rc6 45. Rb2 Kg7 46. Rb7 Re6 47.
Ra7 Rb6 48. Rxa5 Rb4 49. Ke5 Rb3 50. Bg4 Re3+ 51. Kd6 Re4 52. Kc5 Nxg4 53. hxg4 Rxg4 54. Ra3 Rg5 55. Rf3 h5 56. Kd6 Kg6 57. Ke7 Rf5 58. Rg3+ Kh6 59. Rg8 h4 60. Kd6 Kh5 61. Ke7 h3 62.
Rg3 Kh4 63. Rg8 h2 64. Rh8+ Rh5 0-1

[Event "*** SCC Grand Prix: Titled Tuesday Blitz"]
[Site "Chess.com"]
[Date "2020.10.06"]
[Round "9"]
[White "Stalri"]
[Black "Fischerev7"]
[Result "1-0"]
[WhiteElo "2164"]
[BlackElo "2335"]
[TimeControl "180+1"]
[EndTime "11:47:53 PDT"]
[Termination "Stalri won by checkmate"]

1. d4 Nf6 2. c4 e6 3. Nc3 Bb4 4. e3 O-O 5. Bd3 Re8 6. h4 d5 7. c5 b6 8. cxb6 cxb6 9. h5 h6 10. Nf3 Nc6 11. Bd2 Bb7 12. Rc1 Rc8 13. Bb1 e5 14. Kf1 Bxc3 15. bxc3 e4 16. Nh4 Ba6+ 17. Kg1 Bc4 18. Rh3 Nh7 19. Nf5 Ne7 20. Ng3 Ng5 21.
Rh4 Qd7 22. a4 Rf8 23. Rf4 f5 24. Bc2 Kh8 25. Bb3 Qe6 26. Rb1 Rc6 27. Ne2 Rfc8 28.
Rh4 Qf6 29. Rh2 Ne6 30. Bxc4 Rxc4 31. Rb4 Rxb4 32. cxb4 Rc4 33. Rh3 Kh7 34. Rg3 Qh4 35. Rh3 Qf6 36. a5 b5 37. Ng3 a6 38. Nf1 f4 39. Qg4 Ng5 40. Rh4 f3 41. g3 Qf5 42.
Qxf5+ Nxf5 43. Rf4 Nh3+ 44. Kh2 Nxf4 45. gxf4 Rc2 46. Kh3 Kg8 47. Kg4 Nd6 48. f5 Kf7 49. Kf4 Kf6 50. Be1 Rc1 51. Nh2 Rxe1 52. Ng4+ Ke7 53.
Ke5 Rb1 54. f6+ gxf6+ 55. Nxf6 Nf7+ 56. Kf5 Kd6 57. Ng8 Rxb4 58. Kf6 Ng5 59. Nxh6 Nh3 60.
Nf5+ Kd7 61. h6 Nxf2 62. h7 Ng4+ 63. Kg5 f2 64. Ng3 f1=Q 65. Nxf1 Nxe3 66. Nxe3 Rb3 67. Kf4 Rb2 68. h8=Q Rf2+ 69. Ke5 Rf3 70. Qg7+ Kc6 71. Nxd5 e3 72. Qc7# 1-0

[Event "*** SCC Grand Prix: Titled Tuesday Blitz"]
[Site "Chess.com"]
[Date "2020.10.06"]
[Round "9"]
[White "Alexander_Moskalenko"]
[Black "Zhigalko_Sergei"]
[Result "1-0"]
[WhiteElo "2831"]
[BlackElo "2920"]
[TimeControl "180+1"]
[EndTime "11:47:56 PDT"]
[Termination "Alexander_Moskalenko won on time"]

1. d4 Nf6 2. c4 e6 3. Nc3 Bb4 4. Qc2 O-O 5. a3 Bxc3+ 6. Qxc3 d6 7. f3 d5 8. Bg5 h6 9. Bh4 c5 10. e3 cxd4 11. Qxd4 Nc6 12. Qc3 d4 13. exd4 Qxd4 14. Qxd4 Nxd4 15. Bd3 Bd7 16. Ne2 Nb3 17. Rd1 Nc5 18.
Bc2 Ba4 19. Bxa4 Nxa4 20. b3 Nc5 21. b4 Na4 22. Bxf6 gxf6 23. c5 b6 24. c6 Rfc8 25. Rd6 b5 26. Nd4 a6 27. Kf2 Rc7 28. Nb3 Nb6 29.
Na5 Nd5 30. Rd1 Kf8 31. R1xd5 exd5 32. Rxd5 Re8 33. g4 Re6 34. Rd8+ Kg7 35. Ra8 Rexc6 36. Nxc6 Rxc6 37. Kg3 f5 38. gxf5 Kf6 39. Kg4 h5+ 40. Kf4 Rc4+ 41. Kg3 Rc6 42. Rh8 Rc3 43. Rh6+ Kg5 44.
Rxa6 h4+ 45. Kg2 Kxf5 46. Rh6 Rxa3 47. Rxh4 Rb3 48. Re4 Kg6 49. Kg3 f6 50. Rd4 Rb2 51. h4 Rb3 52. Kg4 Rb1 53. h5+ Kh6 54. Kf5 Kxh5 55. f4 Rb3 56. Kxf6 Kg4 57. f5+ Kh5 58.
Kf7 Kg5 59. f6 Rf3 60. Rd5+ Kh6 61. Rxb5 Rc3 62. Rb7 Rd3 63. b5 Rb3 64. b6 Rb1 65. Rb8 Kh7 66. Rb7 Kh6 67. Kg8 Rg1+ 68. Rg7 Rd1 69. f7 Rg1 70. Rxg1 1-0

[Event "*** SCC Grand Prix: Titled Tuesday Blitz"]
[Site "Chess.com"]
[Date "2020.10.06"]
[Round "9"]
[White "AlexeiShirov"]
[Black "PavelShkapenko"]
[Result "1/2-1/2"]
[WhiteElo "2840"]
[BlackElo "2740"]
[TimeControl "180+1"]
[EndTime "11:47:58 PDT"]
[Termination "Game drawn by stalemate"]

1. e4 e5 2. Nf3 Nc6 3. Bb5 Bc5 4. c3 Bb6 5. d4 Nf6 6. O-O O-O 7. Bg5 h6 8. Bh4 d6 9. Re1 Qe7 10. Nbd2 exd4 11.
Bxc6 bxc6 12. cxd4 Qe6 13. e5 Nd5 14. exd6 Qxd6 15.
Nc4 Qf4 16. Bg3 Qg4 17. Nce5 Qe6 18. Rc1 Bb7 19. Nxc6 Qf6 20. Nfe5 Rfe8 21. Qb3 Nf4 22. Qf3 Ne6 23. Qxf6 gxf6 24. Ng4 Kg7 25. Red1 Bxc6 26.
Rxc6 Nxd4 27. Rc4 Ne2+ 28. Kf1 Nxg3+ 29. hxg3 Re6 30. Nh2 Rae8 31. Rc2 Ba5 32. Nf3 Bb6 33. b3 Re4 34. Rdc1 R4e6 35. Rc4 Re2 36. R1c2 R2e6 37. g4 Rd6 38. g3 Rd1+ 39. Kg2 Rd6 40. Nh4 Kf8 41. Nf5 Rde6 42. Nxh6 Re2 43. Nf5 Bxf2 44.
Kf3 Rxc2 45. Rxc2 Bb6 46. Rh2 Kg8 47. Nh6+ Kg7 48. Nf5+ Kg8 49. Rh6 Re6 50. Rh1 Re8 51.
Rd1 Kf8 52. Rd7 a5 53. a4 Re6 54. Rd8+ Re8 55. Rxe8+ Kxe8 56. Ke4 Kd7 57. Kd5 c6+ 58. Kc4 Ke6 59. b4 axb4 60. Kxb4 Ke5 61. Kc4 Ke4 62. Nd6+ Kf3 63. Nxf7 Kxg4 64. Nd6 Kxg3 65. Ne4+ Kf4 66. Nxf6 Kf5 67. Nd7 Bd8 68. Kc5 Ke6 69. Kxc6 Ba5 70.
Nc5+ Ke7 71. Nb7 Bc3 72. Kb5 Kd7 73. Nc5+ Kc7 74. Na6+ Kb7 75. Nb4 Bxb4 76. Kxb4 Kb6 77. a5+ Ka6 78. Ka4 Ka7 79. Kb5 Kb7 80. a6+ Ka7 81. Ka5 Ka8 82. Kb6 Kb8 83. a7+ Ka8 84. Ka6 1/2-1/2

[Event "*** SCC Grand Prix: Titled Tuesday Blitz"]
[Site "Chess.com"]
[Date "2020.10.06"]
[Round "9"]
[White "reutik"]
[Black "Loy_Konstantin"]
[Result "0-1"]
[WhiteElo "2194"]
[BlackElo "2360"]
[TimeControl "180+1"]
[EndTime "11:47:59 PDT"]
[Termination "Loy_Konstantin won on time"]

1. d4 Nf6 2. c4 c5 3. d5 b5 4. cxb5 a6 5. bxa6 Bxa6 6. Nc3 g6 7. g3 d6 8. Bg2 Bg7 9. Nf3 Nbd7 10. O-O Qa5 11.
Qc2 Nb6 12. Rd1 Nfd7 13. Bd2 Nc4 14. Be1 O-O 15. a3 Rfb8 16. Rab1 Qb6 17. e4 Qb3 18.
Qxb3 Rxb3 19. Nd2 Rxb2 20. Nxc4 Rxb1 21. Rxb1 Bxc4 22. a4 Bxc3 23. Bxc3 Rxa4 24. Rb7 Ra3 25. Bb2 Rb3 26. Rxb3 Bxb3 27. f3 f6 28. Kf2 Ne5 29.
Bc3 Bc4 30. Bh3 Kf8 31. Ke3 Bb5 32. f4 Nc4+ 33. Kf3 Na3 34. Ke3 Nb1 35. Bb2 Ba4 36.
Bg4 c4 37. Kd4 Bb3 38. Be2 Nd2 39.
Bc3 Nb1 40. Bb4 c3 41. Bxc3 Nxc3 42. Kxc3 Ba4 43. Kd4 Kf7 44. e5 fxe5+ 45. fxe5 g5 46. h4 h6 47. Bh5+ Kg7 48. Ke4 Bc2+ 49. Kd4 Bb1 50. Be8 Bg6 51. Bd7 gxh4 52. gxh4 Bf7 53. Bf5 Bg6 54. Be6 Bb1 55. Bg4 Kg6 56. exd6 exd6 57.
Be2 Kf6 58. Bg4 Bf5 59. Bf3 Bg6 60. Bg4 Bf7 61. Bh3 Kg6 62. Bg4 Be8 63. Ke4 Ba4 64. Kf4 Bb3 65. Be6 Kf6 66. Bg8 Bc2 67. Be6 Bg6 68. Bg4 Bf7 69. Bf3 Be8 0-1

[Event "*** SCC Grand Prix: Titled Tuesday Blitz"]
[Site "Chess.com"]
[Date "2020.10.06"]
[Round "9"]
[White "NotFischer"]
[Black "shineatchess"]
[Result "0-1"]
[WhiteElo "2262"]
[BlackElo "2176"]
[TimeControl "180+1"]
[EndTime "11:48:00 PDT"]
[Termination "shineatchess won by resignation"]

1. e4 Nf6 2. e5 Nd5 3. d4 d6 4. c4 Nb6 5. exd6 cxd6 6. Nc3 g6 7.
Be3 Bg7 8. Nf3 O-O 9. Be2 Bg4 10. b3 Nc6 11. Rc1 d5 12. c5 Nc8 13. h3 Bxf3 14.
Bxf3 e6 15. O-O N8e7 16. g4 e5 17. Ne2 e4 18. Bg2 f5 19. Qd2 fxg4 20. hxg4 Qd7 21. f3 a5 22. Nc3 exf3 23. Bxf3 Nxd4 24. Bxd4 Rxf3 25. Rxf3 Qxg4+ 26. Qg2 Qxd4+ 27. Kh1 Qxc5 28. Ne2 Qd6 29. Rd3 Rf8 30. Rcd1 Rf5 31. Ng3 Rg5 32. Qf3 Qb4 33. Kg2 Be5 34. Qf2 Qe4+ 35. Kh2 Qh4+ 36.
Kg2 Nf5 37. Rxd5 Rxg3+ 38. Kf1 Qh1+ 39. Ke2 Qe4+ 40. Kf1 Ne3+ 41. Ke2 Nxd5+ 42. Kd2 Qd3+ 43. Kc1 Qc3+ 44. Qc2 Qa1+ 45. Kd2 Rg2+ 46. Kd3 Rxc2 47.
Rxa1 Rc3+ 48. Ke4 Nf6+ 49. Kxe5 Nd7+ 50. Ke6 Nc5+ 51. Kd5 Rc2 52. Re1 b5 53. Kd6 Kg7 54. Re7+ Kf6 55. Ra7 Kf5 56. Ke7 Ne4 57. Rxa5 Kf4 58.
Rxb5 Re2 59. Kf7 Nd6+ 60. Kg7 Nxb5 61. Kxh7 Rxa2 62. Kxg6 Nd4 63. Kf6 Rb2 64. Ke7 Rxb3 0-1

[Event "*** SCC Grand Prix: Titled Tuesday Blitz"]
[Site "Chess.com"]
[Date "2020.10.06"]
[Round "9"]
[White "ChadBiryani"]
[Black "C_K_G"]
[Result "1-0"]
[WhiteElo "2362"]
[BlackElo "2027"]
[TimeControl "180+1"]
[EndTime "11:48:00 PDT"]
[Termination "ChadBiryani won on time"]

1. e4 c5 2. d4 d6 3. dxc5 Qa5+ 4.
Nc3 Qxc5 5. Be3 Qa5 6. Bc4 e6 7. Qd2 a6 8. Nge2 Nf6 9. f3 Qc7 10.
Bb3 Be7 11. O-O b5 12. a3 O-O 13. Rac1 Nbd7 14. Rfd1 Bb7 15. Nd4 Nb6 16. Bxe6 fxe6 17.
Nxe6 Qc8 18. Nxf8 Nc4 19. Qf2 Nxb2 20. Ng6 hxg6 21. Rd3 Nxd3 22. cxd3 Qe6 23. d4 Rc8 24. d5 Qd7 25. Ne2 Rxc1+ 26. Nxc1 Qc7 27. Qd2 Ne8 28. Nd3 Bf6 29. Nf4 Qc4 30. Nxg6 Qb3 31. Qc1 Bb2 32. Qe1 Qxa3 33. Bb6 Qd3 34. Qh4 Bd4+ 35. Bxd4 Qxd4+ 36. Kf1 Nf6 37. Qh8+ Kf7 38. Nf4 Qd1+ 39. Kf2 Qd2+ 40.
Kg3 Qe1+ 41. Kh3 Qc1 42. Kg3 Bc8 43. h4 Qe1+ 44. Kh2 Qc1 45. Kg3 Qc7 46. h5 Ng8 47.
Qh7 Qe7 48. Qg6+ Kf8 49. Kf2 Qf6 50. Qg3 Nh6 51. Ng6+ Kg8 52. Kg1 b4 53. Qf2 b3 54.
Qb6 Nf7 55. Qb8 Qd8 56. Qxb3 Kh7 57. g4 Ne5 58. Nxe5 dxe5 59. Qc3 Qg5 60. Qxc8 Qe3+ 61. Kg2 Qe2+ 62. Kg3 Qe1+ 63. Kg2 Qe2+ 64. Kg3 Qe1+ 65.
Kg2 Qa1 66. Qf5+ Kh8 67. g5 Qb2+ 68. Kg3 Qd4 69. Qf8+ Kh7 70. Kg4 Qg1+ 71. Kf5 1-0

[Event "*** SCC Grand Prix: Titled Tuesday Blitz"]
[Site "Chess.com"]
[Date "2020.10.06"]
[Round "9"]
[White "TokChess"]
[Black "UCantHandleDenker"]
[Result "1-0"]
[WhiteElo "2413"]
[BlackElo "2541"]
[TimeControl "180+1"]
[EndTime "11:48:09 PDT"]
[Termination "TokChess won by checkmate"]

1. Nf3 Nf6 2. g3 g6 3. Bg2 Bg7 4. O-O O-O 5. c4 c5 6. Nc3 Nc6 7. d4 cxd4 8. Nxd4 d6 9. Nxc6 bxc6 10. Bxc6 Rb8 11. b3 Qa5 12. Bd2 Bh3 13. Bg2 Qh5 14.
f3 Rfc8 15. e4 Qc5+ 16. Kh1 Be6 17. Qe2 Nd7 18. Rfc1 Nb6 19. Rab1 Qa3 20. Be1 a6 21. Qd2 Bxc4 22. bxc4 Nxc4 23. Rxb8 Rxb8 24. Qd1 Rb2 25. Qa4 Rxa2 26. Qxa3 Rxa3 27. Nd5 Ne5 28. Nxe7+ Kf8 29. Nd5 Ke8 30. f4 Nd3 31. Rd1 Nxe1 32. Rxe1 Ra2 33. h4 a5 34. Rb1 a4 35. Rb7 Bd4 36. Rb8+ Kd7 37. Ra8 Kc6 38. Nb4+ Kb7 39. Nxa2 Kxa8 40.
Bf1 Kb7 41. Kg2 Bb2 42. Kf3 Bd4 43. Ke2 Bg7 44. Kd3 Kc6 45. Kc4 d5+ 46. exd5+ Kd6 47. Be2 f5 48. Bd1 Bb2 49. Bxa4 Bf6 50. Nb4 Bd8 51. Nd3 Bb6 52. Ne5 Bf2 53. Nf7+ Kc7 54. Ng5 Bxg3 55. Nxh7 Bxf4 56. Nf8 g5 57. hxg5 Bxg5 58.
Ne6+ Kd6 59. Nxg5 f4 60. Nf3 Kc7 61. Kd4 Kd8 62. Ke4 Kc7 63. Bb3 Kd6 64. Kxf4 Ke7 65. Ke4 Kd8 66. Kd4 Kc7 67. Bc4 Kd8 68. Ne5 Kc7 69.
Nd3 Kd8 70. Kc5 Kc7 71. d6+ Kd8 72. Bb5 Kc8 73. Nb4 Kd8 74. Nd5 Kc8 75. Nf6 Kd8 76.
Kd5 Kc8 77. Ke6 Kd8 78. Ng8 Kc8 79. Ke7 Kb8 80. d7 Kb7 81. d8=Q Ka7 82. Qd6 Kb7 83. Qc6+ Ka7 84. Qc5+ Kb8 85. Bd7 Kb7 86. Kd6 Ka6 87.
Qb5+ Ka7 88. Kc7 Ka8 89. Bc6+ Ka7 90. Qb6# 1-0

[Event "*** SCC Grand Prix: Titled Tuesday Blitz"]
[Site "Chess.com"]
[Date "2020.10.06"]
[Round "9"]
[White "Semetey"]
[Black "esapunov"]
[Result "1-0"]
[WhiteElo "2511"]
[BlackElo "2638"]
[TimeControl "180+1"]
[EndTime "11:48:11 PDT"]
[Termination "Semetey won on time"]

1. d4 Nf6 2. c4 g6 3. Nc3 Bg7 4. e4 O-O 5. Bd3 d6 6. Nge2 Nc6 7. f3 e5 8. d5 Nd4 9. Nxd4 exd4 10. Ne2 Nd7 11.
Bc2 Qf6 12. O-O c5 13. dxc6 bxc6 14. Rb1 a5 15. b3 c5 16. Nf4 Bb7 17. Bd2 Rfe8 18.
Bd3 Ne5 19. Qc2 Qd8 20. Nd5 Nc6 21. a3 Ne5 22. h3 Rb8 23. Be2 Bxd5 24. cxd5 Qb6 25.
Kh1 Rec8 26. a4 Re8 27. Bb5 Re7 28. Bg5 Ra7 29. f4 Nd7 30. Rbe1 Nf6 31. Qc4 Nh5 32. Rf3 h6 33. Bh4 Nxf4 34. Rxf4 g5 35. Rg4 gxh4 36.
Qc1 Kh8 37. Rxh4 Qd8 38. Rxh6+ Bxh6 39. Qxh6+ Kg8 40. Rf1 Qf8 41. Qh5 f6 42. e5 dxe5 43. Bc4 Rb4 44. Bd3 Rxb3 45. Bf5 Rb6 46. Rf3 Rg7 47. d6 Rxd6 48. Bd3 Qf7 49. Qf5 Rd8 50.
Bb5 Rg5 51. Qe4 Kg7 52. Qd3 Qe7 53. Bc6 Rb8 54. Be4 Rb4 55. Kh2 Qc7 56. h4 c4 57. Qe2 Rg4 58. Rh3 Rf4 59. Rg3+ Kf8 60. Qh5 Ke7 61. Rg7+ Kd6 62. Rxc7 Kxc7 63. Bf3 c3 64.
Qf7+ Kd6 65. Qd5+ Ke7 66. Qxa5 Rb2 67. Qc5+ Ke6 68. Qd5+ Ke7 69. Bh5 c2 70. Qc5+ Ke6 71. Bg6 e4 72. Qc6+ Ke7 73. Qc7+ Ke6 74. Qxf4 1-0

[Event "*** SCC Grand Prix: Titled Tuesday Blitz"]
[Site "Chess.com"]
[Date "2020.10.06"]
[Round "9"]
[White "penguingm1"]
[Black "VitaliyBernadskiy"]
[Result "0-1"]
[WhiteElo "2846"]
[BlackElo "2765"]
[TimeControl "180+1"]
[EndTime "11:48:16 PDT"]
[Termination "VitaliyBernadskiy won on time"]

1. d4 g6 2. c4 Bg7 3. Nc3 c5 4. d5 d6 5. e4 e6 6. Nge2 Ne7 7. h4 h6 8. h5 g5 9. f4 exd5 10.
cxd5 gxf4 11. Bxf4 Qb6 12. Qd2 Nd7 13. Ng3 Ne5 14.
O-O-O Bd7 15. Be2 O-O-O 16. Rdf1 Kb8 17. Kb1 Rdf8 18. Rf2 Qb4 19. Rhf1 Nc8 20. Qc2 Nb6 21. a3 Qa5 22. Nd1 Na4 23. Bd2 Qb6 24. Nc3 Nxc3+ 25.
Bxc3 Rhg8 26. Nf5 Bxf5 27. Rxf5 Bh8 28. R1f2 Rg3 29. Ka2 Rfg8 30. Bf3 c4 31. Rd2 Ng4 32. Bxh8 Ne3 33. Qc3 Qb3+ 34. Qxb3 cxb3+ 35. Kxb3 Nxf5 36. Bf6 Ne3 37. Bh4 R3g7 38. e5 Nf5 39. Bf6 Rg3 40. exd6 Kc8 41. Rc2+ Kd7 42. Be5 Nxd6 43. Bxg3 Rxg3 44.
Rc3 Nf5 45. Rd3 Kd6 46. Kc3 Nh4 47. Be4 Rxd3+ 48. Kxd3 f5 49. Bf3 Nxf3 50. gxf3 Kxd5 51. Ke3 Ke5 52. f4+ Kd5 53. Kd3 b5 54. b3 a5 55. Ke3 Kc5 56. Kd3 Kd5 57. Ke3 Kc5 58.
Kd3 a4 59. bxa4 bxa4 60. Kc3 Kd5 61. Kb4 Ke4 62. Kxa4 Kxf4 63. Kb4 Kg3 64. a4 f4 65. a5 f3 66. a6 f2 67. a7 f1=Q 68. a8=Q Qf4+ 69.
Kb5 Qf5+ 70. Kc4 Qxh5 71. Qb8+ Kg2 72. Qb2+ Kg3 73. Qb8+ Kh3 74. Kd3 Qf3+ 75. Kd2 h5 76. Qc8+ Kg2 77. Qg8+ Qg4 78. Qd5+ Kg1 79. Qc5+ Kh1 80.
Qc6+ Qg2+ 0-1

[Event "*** SCC Grand Prix: Titled Tuesday Blitz"]
[Site "Chess.com"]
[Date "2020.10.06"]
[Round "9"]
[White "LiamVrolijk"]
[Black "KuzubovYuriy"]
[Result "1-0"]
[WhiteElo "2840"]
[BlackElo "2928"]
[TimeControl "180+1"]
[EndTime "11:48:22 PDT"]
[Termination "LiamVrolijk won by resignation"]

1. d4 Nf6 2. c4 e6 3. Nf3 d5 4.
g3 dxc4 5. Bg2 Bb4+ 6. Bd2 c5 7. Bxb4 cxb4 8. a3 Nd5 9. O-O O-O 10. axb4 Nxb4 11.
Na3 N8c6 12. Nxc4 b6 13. Nfe5 Bb7 14. e3 a5 15. Qe2 Rc8 16. Rfc1 Nxe5 17. Bxb7 Rxc4 18.
Rxc4 Nxc4 19. Qxc4 Qb8 20. Be4 Rc8 21. Qb5 Qd6 22. Ra3 f5 23. Bb7 Rc1+ 24. Kg2 h6 25.
Rc3 Rxc3 26. bxc3 Nd5 27. c4 Nc7 28. Qa4 Kh7 29. h4 e5 30. dxe5 Qxe5 31. Qd7 Kg6 32.
Bf3 Kf6 33. Qc6+ Ne6 34. Qxb6 Qc5 35. Qa6 Ke7 36. Bc6 Nc7 37. Qb7 Kd6 38. Ba4 Qxc4 39. Qb6+ Ke7 40. Qxa5 Qd5+ 41. Qxd5 Nxd5 42. Kf3 Kf6 43.
Bb3 Nc3 44. h5 Kg5 45. Bf7 Kf6 46. Bg6 Kg5 47. Kg2 Ne4 48. f3 Nd6 49. Kh3 Kf6 50. Kg2 Nc4 51. Kf2 Ne5 52. f4 Nc4 53. Kf3 Nd2+ 54.
Ke2 Nc4 55. Kd3 Nd6 56. Kd4 Ke6 57. g4 fxg4 58. e4 g3 59. Ke3 Nc4+ 60. Kf3 Ke7 61. Kxg3 Nd6 62. Kf3 Nc4 63. e5 Nd2+ 64. Ke3 Nf1+ 65.
Ke4 Nd2+ 66. Kd4 Nb3+ 67. Kd5 Nd2 68. Bd3 Nb3 69. Bc2 Na5 70. Ke4 Nc6 71. Bd3 Nd8 72.
Kf5 Kf7 73. Bc4+ Kf8 74. Bd5 Ke7 75. Kg6 Kf8 76. f5 Nf7 77. Bxf7 1-0

[Event "*** SCC Grand Prix: Titled Tuesday Blitz"]
[Site "Chess.com"]
[Date "2020.10.06"]
[Round "9"]
[White "PotapovaM"]
[Black "MashaFromRussia"]
[Result "1/2-1/2"]
[WhiteElo "2549"]
[BlackElo "2408"]
[TimeControl "180+1"]
[EndTime "11:48:23 PDT"]
[Termination "Game drawn by agreement"]

1. Nf3 d6 2. d4 Nf6 3. b3 g6 4. Bb2 Bg7 5. g3 O-O 6. Bg2 Bf5 7. O-O Nc6 8. c4 e5 9. d5 Ne7 10. Nc3 a5 11. Rc1 b6 12. Nh4 Bd7 13. e4 Ne8 14. Nf3 f5 15. Ng5 f4 16. Ne6 Bxe6 17. dxe6 c6 18. Ba3 Rf6 19. Bh3 Bh6 20. Rc2 Qc7 21. Qd3 Rd8 22. Rd1 Nc8 23. Bg4 Qe7 24. Na4 Ng7 25. Bb2 Rff8 26. c5 bxc5 27. Qc4 fxg3 28. hxg3 Bg5 29. Kg2 h5 30. Bh3 h4 31. Re2 Kh7 32. Rd3 hxg3 33. fxg3 Qf6 34. Kh2 Rde8 35. Rd1 Nxe6 36. Rg2 Nd4 37. Bxd4 exd4 38.
Qd3 Ne7 39. Nb2 Ng8 40. Nc4 d5 41. exd5 cxd5 42. Nd2 Re3 43. Qc2 Qd6 44. Rdg1 Nf6 45. Nf1 Rf3 46. Nd2 Re3 47. Nf1 Ree8 48. Kh1 Ne4 49.
Bg4 Kg7 50. Rh2 Rh8 51. Rg2 Rxh2+ 52. Rxh2 Rh8 53. Rxh8 Kxh8 54. Qh2+ Kg7 55. Qg2 Qf6 56. Kg1 c4 57. bxc4 Be3+ 58. Kh2 Qg5 59. Bf3 Qh6+ 60.
Qh3 Qxh3+ 61. Kxh3 Ng5+ 62. Kg2 Nxf3 63. Kxf3 dxc4 64. Nxe3 dxe3 65. Kxe3 Kf6 66. Kd4 Kg5 67. Kxc4 Kg4 68. a4 Kxg3 69. Kb5 g5 70. Kxa5 g4 71. Kb6 Kf4 72. a5 g3 73. a6 g2 74. a7 g1=Q+ 75.
Kb7 Qb1+ 76. Ka8 Qe4+ 77. Kb8 Qb4+ 78. Ka8 1/2-1/2

[Event "*** SCC Grand Prix: Titled Tuesday Blitz"]
[Site "Chess.com"]
[Date "2020.10.06"]
[Round "9"]
[White "elohunter1999"]
[Black "Grandelicious"]
[Result "1/2-1/2"]
[WhiteElo "2597"]
[BlackElo "2785"]
[TimeControl "180+1"]
[EndTime "11:48:26 PDT"]
[Termination "Game drawn - insufficient material"]

1. e4 c6 2. Nc3 d5 3. Nf3 dxe4 4. Nxe4 Nf6 5. Qe2 Bf5 6. Nxf6+ gxf6 7. d3 Nd7 8. g3 Qa5+ 9. Bd2 Qa4 10. Bc3 Nb6 11. Nd4 Bd7 12. Bg2 Nd5 13. O-O e5 14. Nb3 Nxc3 15. bxc3 O-O-O 16. Rab1 h5 17. h4 Bd6 18.
Qe3 Qa3 19. c4 f5 20. c5 Bc7 21. Nd2 f4 22. Nc4 fxe3 23. Nxa3 exf2+ 24. Rxf2 Be6 25. Be4 Rhg8 26. Kh2 Bxa2 27. Rbf1 Rg7 28. c4 Bb3 29. Rb2 Ba4 30. Rb4 Rdg8 31. Rg1 Bd1 32. Rxd1 Rxg3 33.
Rb2 f5 34. Bxf5+ Kd8 35. Be4 R3g4 36. Kh3 Ke8 37. Rg2 Bd8 38. Rxg4 Rxg4 39. Rf1 Rxh4+ 40.
Kg2 Rg4+ 41. Kf3 Be7 42. Nc2 Bxc5 43. Rh1 Rf4+ 44. Kg3 h4+ 45. Kh3 a5 46. Ra1 Rf2 47. Ne1 Bb4 48. Nf3 Ke7 49. Rg1 Bc3 50. Rg7+ Kd6 51. Rxb7 a4 52. Rb6 a3 53. Rxc6+ Kd7 54. Ra6 a2 55. Rxa2 Rxa2 56. Kxh4 Ke6 57. Kg4 Rg2+ 58.
Kh3 Rg7 59. Nh4 Bd4 60. Nf3 Be3 61. Kh4 Bf4 62. Kh3 Rg3+ 63. Kh4 Rg7 64. Bd5+ Kf6 65. Be4 Rd7 66. Kg4 Rg7+ 67. Kh4 Rg8 68. Kh5 Be3 69. Kh4 Bd4 70. Kh3 Ke7 71. Kh4 Kd6 72. Ng5 Kc5 73. Ne6+ Kb4 74. Ng5 Kc3 75. Nf3 Rg7 76. Kh3 Kc2 77.
Nxd4+ exd4 78. c5 Rc7 79. c6 Kd2 80. Kg4 Ke3 81. Kf5 Rc8 82. Ke5 Rxc6 83. Bxc6 Kxd3 84. Bb5+ Ke3 85. Kd5 d3 86. Bxd3 1/2-1/2

[Event "*** SCC Grand Prix: Titled Tuesday Blitz"]
[Site "Chess.com"]
[Date "2020.10.06"]
[Round "9"]
[White "Oglob71"]
[Black "Meri-Arabidze"]
[Result "0-1"]
[WhiteElo "2503"]
[BlackElo "2698"]
[TimeControl "180+1"]
[EndTime "11:48:29 PDT"]
[Termination "Meri-Arabidze won by checkmate"]

1. d4 d5 2. Nf3 Nf6 3. c4 e6 4. Qc2 Nbd7 5. Bg5 Be7 6. e3 h6 7. Bh4 O-O 8. Nc3 c5 9. cxd5 Nxd5 10. Bxe7 Qxe7 11. Nxd5 exd5 12. dxc5 Nxc5 13. Be2 Ne4 14. O-O Be6 15. Rac1 Rac8 16. Qa4 a6 17. Rfd1 Qf6 18.
Qa3 Rfd8 19. h3 Qg6 20. Kf1 Qf6 21. Qb4 b5 22. Qd4 Qe7 23. a3 Qb7 24. Nd2 Bf5 25. Nb3 Qd7 26. Nc5 Nxc5 27. Rxc5 Rxc5 28. Qxc5 Be4 29.
f3 Bg6 30. b4 f6 31. Kf2 Bf7 32. Rc1 Re8 33. Qd4 Qe6 34. Rc7 Qe5 35. Qxe5 fxe5 36. Rc6 Re6 37. Rxe6 Bxe6 38. f4 Kf7 39. fxe5 Bf5 40.
g4 Be4 41. Bf3 Ke6 42. Bd1 Kxe5 43. h4 g6 44. Bb3 g5 45. Kg3 d4 46. exd4+ Kxd4 47. Be6 Bb7 48. Bb3 Kc3 49. Bd1 Kb2 50. a4 bxa4 51.
Bxa4 Ka3 52. Bd7 Kxb4 53. hxg5 hxg5 54. Kf2 Kc5 55. Ke3 Kd6 56. Bf5 Ke5 57. Bd7 a5 58. Kd3 Bd5 59. Kc3 Be6 60. Bc6 Bxg4 61. Kc4 Be2+ 62.
Kb3 Bd1+ 63. Kc4 a4 64. Kb4 g4 65. Ka3 g3 66. Bg2 Kf4 67. Bf1 Ke3 68. Bh3 Kf2 69.
Kb2 Bf3 70. Ka3 Bg2 71. Bd7 Bf1 72. Bc6 Be2 73. Kxa4 Bf3 74. Bd7 g2 75. Bb5 g1=Q 76. Ka5 Be2 77. Kb6 Qe1 78. Ka7 Bxb5 79. Kb6 Bd3 80.
Kc5 Qe4 81. Kd6 Qf5 82. Kc7 Qe6 83. Kd8 Qf7 84. Kc8 Bb5 85. Kb8 Ba6 86. Ka8 Qb7# 0-1